AoeStats
← F.Jeriax

Arena

510437310Analyzed
4v4 RM · 2d ago on Oct 1, 2026· 63m 42s· 8 players
Game mode
Random Map
Map size
Large (8 player)
Population
200
Speed
Normal
Resources
Standard
Victory
Conquest
Starting age
Dark Age
Ending age
Imperial Age
RankedLock teamsTeams togetherTeam positionsShared explorationLock speedFull tech treeHidden civsTurbo modeCheats
Victory
Defeat
🇨🇱 Cumans · Chile
987
+13
🇨🇱 Danes · Chile
964
+14
🇨🇱 Italians · Chile
958
+15
🇨🇱 Spanish · Chile
917
+16
🇺🇸 Poles · United States
1003
-17
🇺🇸 Persians · United States
937
-15
🇲🇽 Danes · Mexico
915
-14
🇺🇸 Britons · United States
851
-12
Jan
11:12 Feudal Age
15:55 Castle Age
14:19 Double-Bit Axe
14:37 Horse Collar
15:16 Stone Mining
17:30 Heavy Plow
35:45 Bow Saw
36:49 Wheelbarrow
47:42 Hand Cart
53:52 Imperial Age
51:58 Caravan
53:00 Pikeman
53:41 Squires
53:27 Arson
54:03 Loom
54:52 Forging
54:42 Scale Mail Armor
55:03 Padded Archer Armor
54:54 Fletching
57:53 Iron Casting
59:07 Two-Man Saw
61:02 Chain Mail Armor
61:01 Scale Barding Armor
61:04 Elite Skirmisher
Nosrac
9:45 Feudal Age
10:23 Horse Collar
10:30 Double-Bit Axe
13:23 Wheelbarrow
14:45 Loom
17:18 Castle Age
20:11 Fletching
20:25 Padded Archer Armor
27:47 Ballistics
28:05 Bodkin Arrow
28:36 Elite Skirmisher
29:49 Leather Archer Armor
33:31 Imperial Age
33:04 Heavy Plow
33:34 Bow Saw
36:35 Elite Longbowman
39:00 Gold Mining
40:19 Yeomen
40:20 Conscription
41:00 Hand Cart
41:25 Siege Engineers
42:21 Chemistry
43:39 Town Watch
51:05 Arrowslits
MellowToaster85
3:52 Loom
9:39 Feudal Age
11:55 Loom
12:46 Loom
15:53 Castle Age
14:08 Double-Bit Axe
14:07 Horse Collar
16:35 Gold Mining
19:13 Wheelbarrow
18:47 Fletching
20:37 Padded Archer Armor
24:07 Leather Archer Armor
25:26 Town Watch
26:50 Elite Skirmisher
29:00 Ballistics
33:39 Imperial Age
32:26 Forging
32:16 Scale Mail Armor
35:30 Hand Cart
36:05 Iron Casting
35:45 Chain Mail Armor
35:26 Bodkin Arrow
36:46 Ring Archer Armor
38:40 Town Patrol
38:43 Bracer
39:43 Blast Furnace
39:13 Plate Mail Armor
40:37 Chemistry
39:22 Arrowslits
39:33 Murder Holes
39:41 Arson
39:57 Squires
42:54 Pikeman
45:33 Masonry
45:20 Elite Jomsviking
48:51 Stone Mining
49:39 Gold Shaft Mining
48:48 Halberdier
53:50 Hamask
Jumpemonkey
10:53 Feudal Age
15:12 Castle Age
13:59 Double-Bit Axe
14:28 Horse Collar
22:01 Loom
22:52 Wheelbarrow
24:52 Man-at-Arms
25:33 Squires
25:19 Arson
29:09 Imperial Age
27:24 Scale Mail Armor
26:53 Long Swordsman
28:16 Heavy Plow
30:28 Forging
29:59 Two-Handed Swordsman
33:53 Gold Mining
35:11 Champion
36:55 Chain Mail Armor
37:53 Bloodlines
37:44 Husbandry
38:14 Light Cavalry
39:17 Conscription
40:00 Hoardings
40:38 Cavalier
42:19 Szlachta Privileges
43:51 Scale Barding Armor
44:47 Winged Hussar
47:35 Lechitic Legacy
48:02 Plate Mail Armor
47:52 Chain Barding Armor
54:24 Chain Barding Armor
54:40 Iron Casting
58:32 Capped Ram
felipe2204
11:22 Feudal Age
16:53 Castle Age
16:33 Double-Bit Axe
23:34 Loom
25:41 Wheelbarrow
29:44 Imperial Age
27:48 Hand Cart
27:19 Town Watch
27:47 Forging
27:38 Scale Mail Armor
28:13 Bow Saw
27:45 Horse Collar
28:01 Gold Mining
28:01 Stone Mining
29:06 Masonry
29:06 Town Patrol
29:53 Stone Shaft Mining
29:57 Gold Shaft Mining
29:30 Heavy Plow
30:28 Iron Casting
30:09 Chain Mail Armor
31:25 Onager
33:46 Blast Furnace
33:16 Plate Mail Armor
32:49 Elite Jomsviking
33:53 Conscription
33:30 Hamask
33:32 Northmen's Fury
33:53 Siege Onager
37:00 Gambesons
37:15 Squires
37:01 Arson
39:00 Padded Archer Armor
38:51 Fletching
38:41 Cranequins
38:41 Heavy Mounted Crossbowman
39:27 Thumb Ring
41:29 Ballistics
42:33 Chemistry
43:03 Bodkin Arrow
43:15 Scale Barding Armor
46:10 Bracer
46:25 Leather Archer Armor
46:31 Chain Barding Armor
45:44 Elite Varangian Guard
49:28 Elite Skirmisher
50:37 Capped Ram
51:31 Siege Ram
59:17 Plate Barding Armor
59:24 Husbandry
60:44 Hoardings
61:14 Bloodlines
60:25 Light Cavalry
F.Jeriax
10:44 Feudal Age
14:47 Castle Age
35:40 Imperial Age
34:39 Forging
34:11 Horse Collar
34:17 Double-Bit Axe
34:21 Loom
35:29 Pikeman
40:58 Chemistry
40:19 Ballistics
43:03 Halberdier
44:46 Wheelbarrow
50:23 Iron Casting
49:49 Scale Mail Armor
52:13 Heavy Plow
54:29 Chain Mail Armor
55:17 Blast Furnace
55:10 Bow Saw
56:33 Gambesons
56:53 Squires
MatiassCJ
10:43 Feudal Age
9:01 Loom
14:32 Castle Age
13:11 Double-Bit Axe
21:55 Ballistics
22:04 Fletching
26:24 Padded Archer Armor
27:56 Forging
28:53 Leather Archer Armor
33:00 Masonry
33:02 Fortified Wall
34:14 Iron Casting
33:44 Bodkin Arrow
39:40 Imperial Age
39:01 Gold Mining
38:54 Horse Collar
41:23 Chemistry
48:46 Bow Saw
51:27 Elite Skirmisher
58:22 Ring Archer Armor
60:04 Bracer
64:39 Blast Furnace
AlpineXtrem
0:27 Loom
11:31 Feudal Age
15:35 Castle Age
14:13 Double-Bit Axe
14:09 Horse Collar
17:10 Wheelbarrow
17:05 Bow Saw
18:33 Heavy Plow
24:20 Hand Cart
24:08 Gold Mining
24:08 Stone Mining
25:24 Stone Mining
30:07 Imperial Age
28:56 Steppe Husbandry
30:09 Bloodlines
31:17 Conscription
31:34 Forging
31:31 Scale Barding Armor
31:18 Fletching
33:22 Iron Casting
32:31 Elite Kipchak
33:32 Town Watch
34:13 Bodkin Arrow
34:51 Ballistics
35:56 Gold Shaft Mining
36:09 Parthian Tactics
35:51 Thumb Ring
37:21 Elite Steppe Lancer
39:27 Chain Barding Armor
40:08 Blast Furnace
40:50 Chemistry
40:02 Masonry
44:48 Crop Rotation
52:32 Cuman Mercenaries
53:15 Plate Barding Armor
52:42 Padded Archer Armor
59:09 Two-Man Saw
Connection lost

Rejoining the realm…

Still unreachable

The connection could not be restored.

Session expired

The server has moved on; the page needs a fresh start.